 Dungeon Crawl Stone Soup version 0.29.0-11-gd7f09526c8 (webtiles) character file.

Game seed: 10597575680660276337

392 testman the Chucker (level 6, -2/53 HPs)
             Began as a Gnoll Wanderer on Sept 6, 2022.
             Was a Follower of Cheibriados.
             Slain by Grinder (6 damage)
             ... while paralysed by Grinder
             ... on level 4 of the Dungeon.
             The game lasted 00:11:09 (4422 turns).

testman the Chucker (Gnoll Wanderer)                Turns: 4422, Time: 00:11:09

Health: -2/53      AC:  4    Str: 15    XL:     6   Next: 81%
Magic:  9/9        EV:  2    Int: 13    God:    Cheibriados [*.....]
Gold:   116        SH:  0    Dex: 17    Spells: 9/9 levels left

rFire   + . .      SeeInvis .   r - +10 dagger "Laado" {pain, rF+ Dex+3}
rCold   . . .      Faith    .   d - +0 buckler
rNeg    . . .      Spirit   .   j - +0 leather armour
rPois   .          Reflect  .   (no helmet)
rElec   .          Harm     .   (no cloak)
rCorr   .          Rampage  .   (no gloves)
Will    .....                   s - +0 pair of boots
Stlth   ++........              (no amulet)
HPRegen 0.17/turn               t - ring of flight
MPRegen 0.11/turn               (no ring)

@: paralysed, flying, very slow
A: fangs 1, strong nose, distributed training
a: Renounce Religion, Bend Time


You were on level 4 of the Dungeon.
You worshipped Cheibriados.
Cheibriados was aware of your devotion.
You visited 1 branch of the dungeon, and saw 4 of its levels.

You collected 164 gold pieces.
You spent 48 gold pieces at shops.

Inventory:

Hand Weapons
 a - a +2 dagger
 c - a +0 quarterstaff
 r - the +10 dagger "Laado" (weapon) {pain, rF+ Dex+3}
   (You found it on level 2 of the Dungeon)

   In the hands of one skilled in necromantic magic, it inflicts extra damage on
   living creatures.
   Dex:       It affects your dexterity (+3).
   rF:        It protects you from fire.
Missiles
 b - a curare-tipped dart (quivered)
 n - 6 poisoned darts
Armour
 d - a +0 buckler (worn)
 j - a +0 leather armour (worn)
 s - a +0 pair of boots (worn)
Jewellery
 t - a ring of flight (left hand)
Scrolls
 e - a scroll of fog
 h - a scroll of silence
 i - a scroll of magic mapping {unknown}
 l - a scroll of immolation {unknown}
 m - a scroll of enchant weapon {unknown}
 o - 2 scrolls of teleportation {unknown}
 p - a scroll of amnesia {unknown}
 q - a scroll of blinking {unknown}
Potions
 f - 2 potions of heal wounds {unknown}
 g - 3 potions of mutation
 k - 2 potions of curing


   Skills:
 + Level 6.9 Fighting
 + Level 2.2 Short Blades
 + Level 2.2 Long Blades
 + Level 2.2 Axes
 + Level 2.2 Maces & Flails
 + Level 2.2 Polearms
 + Level 5.1 Staves
 + Level 2.2 Ranged Weapons
 + Level 6.9 Throwing
 + Level 3.4 Armour
 + Level 2.2 Dodging
 + Level 2.2 Stealth
 + Level 3.4 Shields
 + Level 2.2 Unarmed Combat
 + Level 2.2 Spellcasting
 + Level 1.7 Conjurations
 + Level 1.7 Hexes
 + Level 1.7 Summonings
 + Level 1.7 Necromancy
 + Level 1.7 Translocations
 + Level 1.7 Transmutations
 + Level 1.7 Fire Magic
 + Level 1.7 Ice Magic
 + Level 1.7 Air Magic
 + Level 1.7 Earth Magic
 + Level 1.7 Poison Magic
 + Level 2.4 Invocations
 + Level 2.2 Evocations


You had 9 spell levels left.
You didn't know any spells.
Your spell library was empty.

Dungeon Overview and Level Annotations

Branches:
Dungeon (4/15)
 Temple: D:4-7

Altars:
Cheibriados

Shops:
D:3 *

Annotations:
D:3 2 transporters, Powertoast's ghost, amateur GrFi
D:4 Grinder


Innate Abilities, Weirdness & Mutations

You have very sharp teeth.
Your uncanny sense of smell can sniff out nearby items.
Your experience applies equally to all skills.


Message History

You resist with significant effort.
You can move again.
Throw: 2 darts (curare)
Press: ? - help, Q - select action, (/) - cycle Shift-Dir - straight line, f/p - Grinder
Aim: Grinder (lightly wounded, 63% to hit)
You throw a curare-tipped dart. The curare-tipped dart hits Grinder.
Grinder is lightly wounded.
Grinder gestures at you.
You shrug off the repeated paralysis!
You hit Grinder.
Grinder is moderately wounded.
Grinder gestures at you. Pain shoots through your body!
You hit Grinder.
Grinder is moderately wounded.
Grinder hits you but does no damage.
You hit Grinder. You bite Grinder, but do no damage.
Grinder is heavily wounded.
Grinder hits you.
You writhe in agony.
You hit Grinder. You bite Grinder, but do no damage.
Grinder is heavily wounded.
Grinder hits you.
You writhe in agony.
* * * LOW HITPOINT WARNING * * *
You feel better.
A kobold comes into view. It is wielding a +0 short sword.
You block Grinder's attack.
Okay, then.
Okay, then.
Grinder gestures at you.
You suddenly lose the ability to move!
Grinder gestures at you. You resist with significant effort.
The kobold throws a stone.
The stone hits you.
Grinder says, "Just stop there for a second..."
Grinder hits you.
You writhe in agony.
* * * LOW HITPOINT WARNING * * *
Grinder hits you!
* * * LOW HITPOINT WARNING * * *
You writhe in agony.
You die...

...... #....## ......##.....#
.............# ............#
#(..........# ....K.......#
### #.(..(.# ##.##
###.....###### ###...##
.......5@.....###......#
................##.....##
##...###.#..............#
.....# #.###..#.........##
......##>#...##..........#
>#.......#.....##..........#
...........................##
#...##......................#
#.....(.....................#


You could see Grinder and a kobold.

Vanquished Creatures
  A black bear (D:4)
  A phantom (D:3)
  A hound (D:4)
  3 gnolls (D:3)
  8 adders
  4 worms
  A dart slug (D:1)
  6 orcs
  5 endoplasms
  2 giant cockroaches
  4 goblins
  5 hobgoblins
  3 jackals (D:3)
  7 quokkas (D:1)
  7 ball pythons
  7 bats
  12 frilled lizards (D:1)
  2 kobolds (D:1)
  4 rats
83 creatures vanquished.

Notes
Turn   | Place    | Note
-------+----------+-------------------------------------------
     0 | D:1      | testman the Gnoll Wanderer began the quest for the Orb.
     0 | D:1      | testman set off with the following items: a +2 dagger, 4
                  | curare-tipped darts, a +0 quarterstaff, a +0 buckler, a
                  | scroll of fog, a +0 robe.
     0 | D:1      | Reached XP level 1. HP: 23/23 MP: 1/1
   161 | D:1      | Reached XP level 2. HP: 24/29 MP: 2/2
   823 | D:1      | Reached XP level 3. HP: 31/35 MP: 3/3
  1242 | D:1      | Reached skill level 1 in Invocations
  2186 | D:1      | Reached skill level 1 in Short Blades
  2186 | D:1      | Reached skill level 1 in Long Blades
  2186 | D:1      | Reached skill level 1 in Axes
  2186 | D:1      | Reached skill level 1 in Maces & Flails
  2186 | D:1      | Reached skill level 1 in Polearms
  2186 | D:1      | Reached skill level 1 in Ranged Weapons
  2186 | D:1      | Reached skill level 1 in Dodging
  2186 | D:1      | Reached skill level 1 in Stealth
  2186 | D:1      | Reached skill level 1 in Unarmed Combat
  2186 | D:1      | Reached skill level 1 in Spellcasting
  2186 | D:1      | Reached skill level 1 in Evocations
  2305 | D:2      | Reached XP level 4. HP: 24/41 MP: 5/5
  2611 | D:2      | Identified the +10 dagger "Laado" {pain, rF+ Dex+3}
  2811 | D:2      | Reached skill level 1 in Conjurations
  2811 | D:2      | Reached skill level 1 in Hexes
  2811 | D:2      | Reached skill level 1 in Summonings
  2811 | D:2      | Reached skill level 1 in Necromancy
  2811 | D:2      | Reached skill level 1 in Translocations
  2811 | D:2      | Reached skill level 1 in Transmutations
  2811 | D:2      | Reached skill level 1 in Fire Magic
  2811 | D:2      | Reached skill level 1 in Ice Magic
  2811 | D:2      | Reached skill level 1 in Air Magic
  2811 | D:2      | Reached skill level 1 in Earth Magic
  2811 | D:2      | Reached skill level 1 in Poison Magic
  3277 | D:3      | Found Fyjoer's General Store.
  3285 | D:3      | Bought a scroll of identify for 24 gold pieces
  3285 | D:3      | Bought a scroll of identify for 24 gold pieces
  3440 | D:3      | Reached XP level 5. HP: 40/47 MP: 5/7
  3913 | D:3      | Found a faded altar of an unknown god.
  3914 | D:3      | Noticed a floating eye
  3916 | D:3      | Noticed a shining eye
  3917 | D:3      | Noticed a floating eye
  3917 | D:3      | Noticed a floating eye
  4075 | D:3      | Prayed at the altar of an unknown god.
  4075 | D:3      | Became a worshipper of Cheibriados the Contemplative
  4075 | D:3      | Reached * piety under Cheibriados
  4169 | D:3      | Noticed a phantom
  4179 | D:3      | Killed a phantom
  4180 | D:3      | Reached skill level 5 in Staves
  4180 | D:3      | Reached XP level 6. HP: 51/53 MP: 8/8
  4214 | D:3      | Noticed Powertoast's ghost (amateur GrFi)
  4215 | D:3      | Found a transporter.
  4218 | D:3      | Found a transporter.
  4285 | D:4      | Noticed a black bear
  4295 | D:4      | Killed a black bear
  4403 | D:4      | Noticed Grinder
  4408 | D:4      | Paralysed by Grinder for 2 turns
  4418 | D:4      | Paralysed by Grinder for 5 turns
  4422 | D:4      | Slain by Grinder

Illustrated notes

Levels and vault maps discovered:
D:1:      amcnicky_arrival_wind_blow, layout_basic, minmay_lizard_pond
D:2:      layout_loops_cross, serial_forest, infiniplex_forest_zigzag_2,
          infiniplex_forest_clump_medium, infiniplex_forest_lined_3_way,
          infiniplex_forest_end_2, infiniplex_forest_corner_1,
          infiniplex_forest_fountain, infiniplex_forest_join,
          infiniplex_forest_lined_2, minmay_indecisive_spiral
D:3:      layout_loops_ring, hellmonk_ecumenical_altar_watching_god,
          gammafunk_ghost_smash, serial_shops, shop
D:4:      layout_cave_pools, chequers_serial_rivers_small_a,
          grunt_decor_junction, uniq_grinder

Skill      XL: |  1  2  3  4  5  6 |
---------------+-------------------+-----
Invocations    | 1 2 |  2.4
Short Blades   | 1 2 |  2.2
Long Blades    | 1 2 |  2.2
Axes           | 1 2 |  2.2
Maces & Flails | 1 2 |  2.2
Polearms       | 1 2 |  2.2
Ranged Weapons | 1 2 |  2.2
Dodging        | 1 2 |  2.2
Stealth        | 1 2 |  2.2
Unarmed Combat | 1 2 |  2.2
Spellcasting   | 1 2 |  2.2
Evocations     | 1 2 |  2.2
Conjurations   | 1 |  1.7
Hexes          | 1 |  1.7
Summonings     | 1 |  1.7
Necromancy     | 1 |  1.7
Translocations | 1 |  1.7
Transmutations | 1 |  1.7
Fire Magic     | 1 |  1.7
Ice Magic      | 1 |  1.7
Air Magic      | 1 |  1.7
Earth Magic    | 1 |  1.7
Poison Magic   | 1 |  1.7
Armour         | 3 |  3.4
Shields        | 3 |  3.4
Staves         | 5 |  5.1
Fighting       | |  6.9
Throwing       | |  6.9

Action                   |  1- 3 |  4- 6 || total
-------------------------+-------+-------++-------
Melee: Dagger            |   186 |    93 ||   279
       Bite              |    18 |    16 ||    34
Throw: Dart              |     1 |     9 ||    10
  Use: Scroll            |       |     4 ||     4
       Potion            |       |     1 ||     1
 Stab: Sleeping          |     1 |     2 ||     3
Armor: Robe              |    13 |       ||    13
       Leather armour    |    26 |    18 ||    44
Dodge: Dodged            |    93 |    27 ||   120
Block: Buckler           |    23 |    23 ||    46
